[Event "Team 45 45 League T47"]
[Site "Internet Chess Club"]
[Date "2010.11.14"]
[Round "2"]
[White "jjaillet2007"]
[Black "WzeroMN"]
[Result "1-0"]
[WhiteElo "1281"]
[BlackElo "1161"]
[Opening "Nimzo-Indian: Leningrad variation"]
[ECO "E30"]
[Time "17:00:35"]
[TimeControl "2700+45"]

1. d4 Nf6 2. c4 e6 3. Bg5 Bb4+ 4. Nc3 Bxc3+ 5. bxc3 c5 6. d5 d6 7. e4 O-O 8. Nf3
Qa5 9. Bxf6 gxf6 10. Qc2 e5 11. Bd3 Qd8 12. O-O Kh8 13. Nh4 Bg4 14. f3 Bh5 15.
f4 Rg8 16. f5 Qf8 17. Be2 Bxe2 18. Qxe2 Qg7 19. Rf3 Qg4 20. g3 Nd7 21. Rf2 Qxe2
22. Rxe2 Rg4 23. Re3 Nb6 24. h3 Rg7 25. Re2 Nxc4 26. a4 Nb6 27. Kg2 Rag8 28. Re3
Nc4 29. Rd3 a5 30. g4 h5 31. Rh1 hxg4 32. hxg4 Rxg4+ 33. Kf2 Kg7 34. Rg3 Rxg3
35. Kxg3 Kf8+ 36. Kf2 Ke8 37. Nf3 Kd7 38. Rb1 Kc7 39. Ke2 Nb6 40. Rb5 Ra8 41.
Kd3 Nxa4 42. Nd2 Nb6 43. Nc4 Nxc4 44. Kxc4 a4 45. Rb1 a3 46. Kb3 a2 47. Ra1 Kd7
48. Rxa2 Rxa2 49. Kxa2 Ke8 50. Ka3 Kf8 51. Ka4 Kg8 52. Kb5 Kg7 53. Kb6 Kh6 54.
Kxb7 Kg5 55. Kc6 Kf4 56. Kxd6 Kxe4 57. Kxc5 Kxf5 58. d6 Ke6 59. Kc6 e4 60. Kc7
e3 61. d7 e2 62. d8=Q e1=Q 63. Qe8+ {Black resigns} 1-0

[Event "Team 45 45 League T47"]
[Site "Internet Chess Club"]
[Date "2010.11.16"]
[Round "2"]
[White "CoasterBrake"]
[Black "anatolybcn"]
[Result "0-1"]
[WhiteElo "1146"]
[BlackElo "1208"]
[Opening "Sicilian: Alapin's variation (2.c3)"]
[ECO "B22"]
[Time "16:01:58"]
[TimeControl "2700+45"]

1. e4 c5 2. c3 Nc6 3. Nf3 h6 4. d4 cxd4 5. cxd4 d6 6. Bb5 Bd7 7. Nc3 a6 8. Bc4
b5 9. Bb3 e6 10. O-O Be7 11. d5 exd5 12. Nxd5 Nf6 13. Re1 Ne5 14. Nxe7 Qxe7 15.
Bf4 Bg4 16. Bxe5 dxe5 17. Bd5 Rd8 18. h3 Bxf3 19. Qxf3 O-O 20. Rad1 Qc5 21. Bb3
Qb6 22. Qe3 Qxe3 23. Rxe3 Rxd1+ 24. Bxd1 Rd8 25. Bf3 Rd2 26. Re2 Rxe2 27. Bxe2
Nxe4 28. Bd3 Nc5 29. Bf5 b4 30. Bc2 a5 31. f3 f6 32. Kf2 a4 33. b3 a3 34. Ke2
Kf7 35. Kd2 Ne6 36. Ke3 g6 37. g3 g5 38. Kd3 Nd4 39. Bd1 Ke6 40. Kc4 Nc6 41. Kc5
Kd7 42. Be2 Nd4 43. Bb5+ Kc7 44. Kxb4 Nxf3 45. Be2 e4 46. Kc3 Ng1 47. Kd2 Nxh3
48. b4 Kb6 49. b5 Ng1 50. Bc4 Nf3+ 51. Ke3 Ne5 52. Be2 f5 53. Kd4 Nf3+ 54. Ke3
h5 55. Bxf3 exf3 56. Kxf3 Kxb5 57. Ke3 h4 58. gxh4 gxh4 59. Kf3 Kb4 {White
resigns} 0-1

[Event "Team 45 45 League T47"]
[Site "Internet Chess Club"]
[Date "2010.11.15"]
[Round "2"]
[White "Mclintock45"]
[Black "theartist"]
[Result "1-0"]
[WhiteElo "1015"]
[BlackElo "1180"]
[Opening "French: Schlechter variation"]
[ECO "C01"]
[Time "09:31:54"]
[TimeControl "2700+45"]

1. e4 e6 2. d4 d5 3. Bd3 c5 4. Nf3 c4 5. Be2 dxe4 6. Ne5 b5 7. Nc3 Bb4 8. O-O
Bxc3 9. bxc3 Nf6 10. h3 Bb7 11. Ba3 Nbd7 12. Ng4 Nd5 13. Qd2 Ne7 14. Qg5 Ng6 15.
Qe3 Nf6 16. Qg5 Nxg4 17. Qxb5+ Qd7 18. Qxd7+ Kxd7 19. Bxc4 Nf6 20. Bb5+ Kc7 21.
Rab1 a6 22. Ba4 Bc6 23. Bb3 Nd5 24. c4 Nc3 25. Rbe1 Rhd8 26. d5 exd5 27. cxd5
Bb5 28. d6+ Kc6 29. Re3 Bxf1 30. Kxf1 Nb1 31. Bb4 Kb5 32. Rxe4 Rd7 33. Rc4 Kb6
34. Ba4 Rda7 35. Rc6+ Kb7 36. Ba5 Kb8 37. Rb6+ Rb7 38. d7 Kc7 39. Rxb1+ Kd6 40.
Rxb7 Ke7 41. c4 Ne5 42. Bb4+ Kd8 43. Ba5+ Ke7 44. d8=Q+ {Black resigns} 1-0

[Event "Team 45 45 League T47"]
[Site "Internet Chess Club"]
[Date "2010.11.16"]
[Round "2"]
[White "Mark-SF"]
[Black "JWB"]
[Result "1-0"]
[WhiteElo "1809"]
[BlackElo "1653"]
[Opening "Sicilian: Najdorf, Poisoned pawn variation"]
[ECO "B97"]
[Time "14:00:10"]
[TimeControl "2700+45"]

1. e4 c5 2. Nf3 d6 3. d4 cxd4 4. Nxd4 Nf6 5. Nc3 a6 6. Bg5 e6 7. f4 Qb6 8. Qd2
Qxb2 9. Rb1 Qa3 10. f5 Be7 11. fxe6 fxe6 12. Bc4 d5 13. exd5 exd5 14. Nxd5 Nxd5
15. Bxd5 Bxg5 16. Qxg5 Qe7+ 17. Qxe7+ Kxe7 18. Bxb7 Ra7 19. Be4 Bd7 20. Rf1 Rc7
21. Kd2 Nc6 22. Nxc6+ Bxc6 23. Bxc6 Rxc6 24. Rb7+ Ke6 25. Rxg7 Rd8+ 26. Kc1 Rdc8
27. Rf2 h5 28. Rh7 Rc5 29. Rh6+ Kd7 30. Rxa6 Rc4 31. a3 h4 32. a4 Kc7 33. a5 Kb7
34. Rg6 Ra4 35. Rf7+ Ka8 36. Ra6+ Kb8 37. Raa7 Rd8 38. a6 Rb4 39. Rab7+ Rxb7 40.
Rxb7+ Ka8 41. Rh7 Rd4 42. Kb2 Rg4 43. Kb3 Rxg2 44. Rxh4 Ka7 45. Rh6 Rg4 46. c4
Rf4 47. h4 Rg4 48. h5 Rh4 49. Kb4 Rh1 50. Kb5 Rb1+ 51. Kc5 Rc1 52. Re6 Rh1 53.
h6 Rh5+ 54. Kb4 Rh4 55. Kb5 Rh5+ 56. c5 Rh1 57. Re7+ {Black resigns} 1-0

[Event "Team 45 45 League T47"]
[Site "Internet Chess Club"]
[Date "2010.11.13"]
[Round "2"]
[White "rayngrant"]
[Black "oldsj"]
[Result "1-0"]
[WhiteElo "1602"]
[BlackElo "1618"]
[Opening "two knights defense: Bogolyubov variation"]
[ECO "C58"]
[Time "09:01:33"]
[TimeControl "2700+45"]

1. e4 e5 2. Nf3 Nc6 3. Bc4 Nf6 4. Ng5 d5 5. exd5 Na5 6. Bb5+ c6 7. dxc6 bxc6 8.
Qf3 Qc7 9. Ba4 Bg4 10. Qe3 Bd6 11. Ne4 Nxe4 12. Qxe4 f5 13. Qd5 O-O-O 14. Qd3
Qb7 15. Qc3 Bb4 16. Qg3 Bd6 17. O-O Nc4 18. b3 Nb6 19. Nc3 e4 20. Qh4 Qf7 21.
Nxe4 Be5 22. Rb1 Nxa4 23. bxa4 Rd4 24. d3 Qxa2 25. Be3 Rxa4 26. Nc5 Ra5 27. Qe7
Rxc5 28. Bxc5 Qd5 29. Qb7+ Kd8 30. Qa8+ Kd7 31. Qxa7+ Bc7 32. Bb6 Qd6 33. Bxc7
{Black resigns} 1-0

[Event "Team 45 45 League T47"]
[Site "Internet Chess Club"]
[Date "2010.11.12"]
[Round "2"]
[White "rom1"]
[Black "BenjaminSisko"]
[Result "1-0"]
[WhiteElo "1524"]
[BlackElo "1467"]
[Opening "Nimzo-Indian: Romanishin-Kasparov (Steiner) system"]
[ECO "E00"]
[Time "16:30:25"]
[TimeControl "2700+45"]

1. d4 Nf6 2. c4 e6 3. g3 Bb4+ 4. Nc3 c5 5. Nf3 Ne4 6. Qc2 cxd4 7. Nxd4 Qa5 8.
Bd2 Nxc3 9. bxc3 Be7 10. Bg2 O-O 11. O-O Qc5 12. Qd3 Nc6 13. Be3 Ne5 14. Qe4 f5
15. Nxf5 Qa3 16. Nxe7+ {Black resigns} 1-0

[Event "Team 45 45 League T47"]
[Site "Internet Chess Club"]
[Date "2010.11.13"]
[Round "2"]
[White "VietLion"]
[Black "ElMarginal"]
[Result "1-0"]
[WhiteElo "1881"]
[BlackElo "1529"]
[Opening "Scandinavian (center counter) defense"]
[ECO "B01"]
[Time "16:36:36"]
[TimeControl "2700+45"]

1. e4 d5 2. exd5 Qxd5 3. Nc3 Qa5 4. Bc4 Nf6 5. d3 c6 6. Bd2 Nbd7 7. Qe2 Qe5 8.
Be3 Nb6 9. Nf3 Qh5 10. Bb3 Nbd5 11. Nxd5 Nxd5 12. Bd2 Bg4 13. O-O-O Bxf3 14.
gxf3 Qf5 15. Qe4 Qd7 16. Rde1 e6 17. Rhg1 O-O-O 18. Bg5 f6 19. Bd2 Re8 20. a3
Bd6 21. c4 f5 22. Qd4 Nb6 23. Rxg7 Be7 24. Qxd7+ Kxd7 25. Reg1 Nc8 26. Bc3 Nd6
27. c5 Nb5 28. Be5 Nc7 29. Rf7 Nd5 30. Bxh8 {Black resigns} 1-0

[Event "Team 45 45 League T47"]
[Site "Internet Chess Club"]
[Date "2010.11.10"]
[Round "2"]
[White "whiskeytown"]
[Black "Bacon1290"]
[Result "0-1"]
[WhiteElo "1479"]
[BlackElo "1687"]
[Opening "Sicilian: Nimzovich-Rossolimo attack (without ...d6)"]
[ECO "B30"]
[Time "18:01:25"]
[TimeControl "2700+45"]

1. e4 c5 2. Nf3 Nc6 3. Bb5 a6 4. Bxc6 bxc6 5. O-O d6 6. c3 g6 7. d4 cxd4 8. cxd4
Bg7 9. Be3 Nf6 10. Nc3 O-O 11. Qd2 Ng4 12. Bf4 e5 13. dxe5 dxe5 14. Qxd8 Rxd8
15. Bg3 f6 16. Rad1 Be6 17. h3 Nh6 18. b3 Nf7 19. Na4 Nd6 20. Nc5 Kf7 21. Bxe5
fxe5 22. Ng5+ Ke7 23. Ngxe6 Rg8 24. Nxg7 Rxg7 25. Rd2 Nb5 26. f4 exf4 27. Rxf4
Ke8 28. Ne6 Rf7 29. Rd8+ Rxd8 30. Rxf7 Rd1+ 31. Rf1 Rxf1+ 32. Kxf1 Nc3 33. a3
Nxe4 34. Ke2 Ke7 35. Ke3 Kxe6 36. Kxe4 c5 37. g4 g5 38. b4 cxb4 39. axb4 h6 40.
Kd4 Kd6 41. Ke4 Kc6 42. Kf5 Kb5 43. Kg6 Kxb4 44. Kxh6 a5 45. Kxg5 a4 46. h4 a3
47. h5 a2 48. h6 a1=Q 49. h7 Qg7+ 50. Kf5 Qxh7+ 51. Kf4 Qg6 52. Kg3 Kc4 53. Kh4
Kd4 54. g5 Ke5 {White resigns} 0-1

[Event "Team 45 45 League T47"]
[Site "Internet Chess Club"]
[Date "2010.11.15"]
[Round "2"]
[White "leo6"]
[Black "GadsHill"]
[Result "1/2-1/2"]
[WhiteElo "1531"]
[BlackElo "1557"]
[Opening "Philidor: Improved Hanham variation"]
[ECO "B07"]
[Time "20:01:25"]
[TimeControl "2700+45"]

1. e4 d6 2. d4 Nf6 3. Nc3 Nbd7 4. Nf3 e5 5. dxe5 dxe5 6. Bg5 Be7 7. Bc4 O-O 8.
O-O c6 9. Qe2 h6 10. Bh4 Qc7 11. Rad1 Nc5 12. Bg3 Bg4 13. Bxe5 Qxe5 14. Nxe5
Bxe2 15. Bxe2 Ncxe4 16. Nxe4 Nxe4 17. f3 Bc5+ 18. Kh1 Nf2+ 19. Rxf2 Bxf2 20. Bc4
b5 21. Bb3 c5 22. Bd5 Rac8 23. Rd2 Bd4 24. Nc6 Rfe8 25. g3 Re1+ 26. Kg2 Bxb2 27.
Nxa7 Rce8 28. Be4 Bf6 29. Nxb5 Rd8 30. Rf2 Red1 31. Bd3 c4 32. Bxc4 R8d2 33. Be2
Re1 34. Bd3 Rxf2+ 35. Kxf2 Ra1 36. a3 Bb2 37. c4 Bxa3 38. Nxa3 Rxa3 39. Ke3 Kf8
40. h4 Ke7 41. h5 Kd6 42. Kd4 Ra4 43. g4 f6 44. f4 Rb4 45. Be4 Ra4 46. Bd3 {Game
drawn by mutual agreement} 1/2-1/2

[Event "Team 45 45 League T47"]
[Site "Internet Chess Club"]
[Date "2010.11.11"]
[Round "2"]
[White "tightfist"]
[Black "Burbia"]
[Result "1/2-1/2"]
[WhiteElo "1539"]
[BlackElo "1388"]
[Opening "Polish (Sokolsky) opening"]
[ECO "A00"]
[Time "17:01:03"]
[TimeControl "2700+45"]

1. b4 Nf6 2. Bb2 e6 3. a3 Be7 4. Nf3 O-O 5. c4 b6 6. e3 Bb7 7. Be2 d5 8. O-O
Nbd7 9. Nc3 Ng4 10. h3 Nge5 11. Nxe5 Nxe5 12. Nxd5 exd5 13. Bxe5 dxc4 14. Bxc4
Bf6 15. Bxf6 Qxf6 16. d4 Bxg2 17. Bxf7+ Rxf7 18. Kxg2 Raf8 19. Ra2 Qg5+ 20. Kh2
Rf3 21. Qb3+ Kh8 22. Qe6 Qh4 23. Qg4 Rxf2+ 24. Raxf2 Rxf2+ 25. Rxf2 Qxf2+ 26.
Qg2 Qxg2+ 27. Kxg2 Kg8 28. Kf3 Kf7 29. Ke4 a6 30. Kd5 Ke7 31. Kc6 Kd8 32. e4 g5
33. e5 h5 34. Kd5 Ke7 35. Ke4 g4 36. hxg4 hxg4 37. Kf4 g3 38. Kxg3 c6 39. a4 Ke6
40. Kf4 a5 41. bxa5 bxa5 42. Kg5 c5 43. Kf4 cxd4 44. Ke4 d3 45. Kxd3 Kxe5 46.
Kc4 Kd6 47. Kb5 Kc7 48. Kxa5 Kb7 49. Kb5 Ka7 50. a5 Kb8 51. Kb6 Ka8 52. a6 Kb8
53. Kc6 Ka7 54. Kb5 Ka8 55. Kb6 Kb8 56. Kc6 Ka7 57. Kb5 Ka8 58. Kb6 Kb8 59. a7+
Ka8 60. Ka6 {Black stalemated} 1/2-1/2

[Event "Team 45 45 League T47"]
[Site "Internet Chess Club"]
[Date "2010.11.10"]
[Round "2"]
[White "BrerRabbit"]
[Black "Lyko"]
[Result "1-0"]
[WhiteElo "1633"]
[BlackElo "1453"]
[Opening "English opening"]
[ECO "A13"]
[Time "19:00:19"]
[TimeControl "2700+45"]

1. c4 e6 2. g3 d5 3. Bg2 c6 4. Nf3 Nd7 5. Qc2 e5 6. d3 Bb4+ 7. Bd2 Bxd2+ 8.
Nbxd2 Ngf6 9. O-O O-O 10. cxd5 cxd5 11. Rac1 Re8 12. e3 e4 13. dxe4 dxe4 14. Nd4
Qe7 15. Rfd1 a6 16. N2b3 Nb6 17. Nc5 Nbd5 18. a3 b6 19. Ncb3 Bb7 20. Qd2 Rac8
21. Rxc8 Rxc8 22. Rc1 Rxc1+ 23. Qxc1 h6 24. Qc2 Nc7 25. Nd2 Nb5 26. Nxb5 axb5
27. b4 Qe5 28. Nb3 Bd5 29. Nd4 Bc4 30. Qc1 Qh5 31. h3 Be2 32. Qc2 Bd3 33. Qd2
Nh7 34. Qc1 Ng5 35. Qc8+ Kh7 36. Qf5+ g6 37. Qg4 Qxg4 38. hxg4 Ne6 39. Nxe6 fxe6
40. g5 hxg5 41. Bh3 e5 42. Bd7 Kg7 43. Kh2 Kf7 44. Kh3 Ke7 45. Bc6 Kd6 46. Be8
Be2 47. Bf7 g4+ 48. Kh4 Bc4 49. Bxg6 Be6 50. Bxe4 Ke7 51. Bg6 Bd7 52. Bh5 Kd6
53. Bxg4 Bxg4 54. Kxg4 Kd5 55. Kf5 Kc4 56. Kxe5 Kb3 57. Kd4 Kxa3 58. Kc3 Ka4 59.
g4 {Black resigns} 1-0

[Event "Team 45 45 League T47"]
[Site "Internet Chess Club"]
[Date "2010.11.16"]
[Round "2"]
[White "stputte"]
[Black "stan-beers"]
[Result "1-0"]
[WhiteElo "1566"]
[BlackElo "1430"]
[Opening "Pirc defense"]
[ECO "B07"]
[Time "15:00:09"]
[TimeControl "2700+45"]

1. e4 d6 2. d4 Nf6 3. Nc3 Nbd7 4. f4 e5 5. Nf3 exd4 6. Qxd4 c6 7. Be3 h6 8. h3
Qc7 9. O-O-O Be7 10. e5 dxe5 11. fxe5 Bc5 12. Qd3 Nxe5 13. Nxe5 Bxe3+ 14. Qxe3
O-O 15. Bc4 b5 16. Bb3 a5 17. a3 b4 18. axb4 axb4 19. Nb1 Ra5 20. Nc4 Rg5 21. g4
Re8 22. Qf3 Be6 23. Rhe1 Kh7 24. Ncd2 Bd5 25. Bxd5 Rxe1 26. Rxe1 Rxd5 27. Nb3 c5
28. Rd1 Re5 29. Qd3+ Re4 30. Qd6 Qc8 31. Qxc5 Re6 32. Qxc8 {Black resigns} 1-0

[Event "Team 45 45 League T47"]
[Site "Internet Chess Club"]
[Date "2010.11.14"]
[Round "2"]
[White "dondel"]
[Black "dscvdchk"]
[Result "0-1"]
[WhiteElo "1255"]
[BlackElo "1518"]
[Opening "Scandinavian (center counter) defense"]
[ECO "B01"]
[Time "11:02:47"]
[TimeControl "2700+45"]

1. e4 d5 2. Bd3 Nf6 3. Nc3 d4 4. Nce2 e5 5. c3 dxc3 6. Bc4 Nxe4 7. bxc3 Be7 8.
Nf3 Nd7 9. O-O O-O 10. d3 Nd6 11. Bb3 Bf6 12. d4 e4 13. Ne1 Nf5 14. Bc2 Re8 15.
Ng3 Nxg3 16. fxg3 Nb6 17. Be3 Nd5 18. Qd2 Nxe3 19. Qxe3 Qe7 20. h4 Bd7 21. Rf4
Bc6 22. Rd1 Rad8 23. Rd2 Rd6 24. Bb1 Bd5 25. Nc2 b5 26. Nb4 Bb7 27. Rd1 a5 28.
Nc2 g6 29. h5 Bg5 30. hxg6 Rxg6 31. Rdf1 Bxf4 32. Rxf4 Qg5 33. Kf2 Ree6 34. Ne1
Ref6 35. Rxf6 Rxf6+ 36. Ke2 Qg4+ 37. Kd2 Rg6 {White resigns} 0-1

[Event "Team 45 45 League T47"]
[Site "Internet Chess Club"]
[Date "2010.11.15"]
[Round "2"]
[White "JimGaming"]
[Black "Cicero"]
[Result "1-0"]
[WhiteElo "1258"]
[BlackElo "1292"]
[Opening "Sicilian: Hungarian variation"]
[ECO "B27"]
[Time "14:00:42"]
[TimeControl "2700+45"]

1. e4 c5 2. Nf3 g6 3. d4 cxd4 4. Qxd4 Nf6 5. Bb5 Qa5+ 6. Nc3 a6 7. Ba4 b5 8. Bb3
Nc6 9. Qd1 Nxe4 10. Bd2 Nxd2 11. Qxd2 e6 12. O-O d5 13. Rfe1 Be7 14. a3 O-O 15.
Ba2 Bf6 16. Bb1 Qc7 17. Nd1 Bg7 18. c3 Bb7 19. Qg5 h6 20. Qe3 Rfe8 21. Ba2 Ne7
22. Nh4 Nf5 23. Qh3 Nxh4 24. Qxh4 Qc6 25. Ne3 e5 26. Rac1 f5 27. Bxd5+ Qxd5 28.
Nxd5 Bxd5 29. c4 g5 30. Qh3 Be6 31. c5 g4 32. Qc3 e4 33. Qe3 Kh7 34. Rc2 Bf7 35.
Rec1 h5 36. c6 Bh6 37. Qc3 Bxc1 38. Rxc1 Re7 39. Qf6 Rc7 40. Qxf5+ Bg6 41. Qe5
Rac8 42. Qd5 Rd7 43. Qxd7+ Kh6 44. Qxc8 {Black resigns} 1-0

[Event "Team 45 45 League T47"]
[Site "Internet Chess Club"]
[Date "2010.11.13"]
[Round "2"]
[White "Tjet"]
[Black "Giacometti"]
[Result "0-1"]
[WhiteElo "1564"]
[BlackElo "1640"]
[Opening "English: Anglo-Dutch defense"]
[ECO "A10"]
[Time "21:01:30"]
[TimeControl "2700+45"]

1. c4 f5 2. g3 e5 3. d3 Nf6 4. Bg5 Be7 5. Bg2 O-O 6. Nf3 d6 7. O-O Nc6 8. Nc3 a6
9. a3 h6 10. Bxf6 Bxf6 11. Nd5 Be6 12. Nxf6+ Qxf6 13. b3 Rad8 14. e3 d5 15. Qc2
e4 16. dxe4 dxe4 17. Nd2 Rd3 18. Rac1 Rfd8 19. Rfd1 Ne5 20. Bf1 Rxd2 21. Rxd2
Rxd2 22. Qc3 Nf3+ 23. Kg2 Qxc3 24. Rxc3 Rc2 25. Rxc2 Ne1+ 26. Kg1 Nxc2 27. a4 c5
28. h4 Na1 29. Be2 Nxb3 30. f3 Nd2 31. fxe4 fxe4 32. Kf2 Nxc4 33. Bxc4 Bxc4 34.
a5 Bd3 35. Ke1 c4 36. Kd2 Kf7 37. Kc3 Ke6 38. Kd4 Kf5 {White resigns} 0-1

[Event "Team 45 45 League T47"]
[Site "Internet Chess Club"]
[Date "2010.11.14"]
[Round "2"]
[White "arconia"]
[Black "SeniorCitizen"]
[Result "0-1"]
[WhiteElo "1318"]
[BlackElo "1308"]
[Opening "French defense"]
[ECO "C00"]
[Time "11:00:27"]
[TimeControl "2700+45"]

1. e4 e6 2. Nf3 d5 3. e5 c5 4. c3 Nc6 5. Be2 Nge7 6. O-O Ng6 7. d4 Qb6 8. h4
cxd4 9. cxd4 Nge7 10. Nc3 Nf5 11. Na4 Qc7 12. h5 Be7 13. b3 O-O 14. Bb2 Bd7 15.
Rc1 Qd8 16. Nc5 Bxc5 17. Rxc5 b6 18. Rc1 f6 19. Bb5 Nce7 20. Bxd7 Qxd7 21. exf6
Rxf6 22. Ne5 Qe8 23. Ba3 Rc8 24. Bxe7 Nxe7 25. Rxc8 Qxc8 26. Qg4 Qe8 27. Re1 Rh6
28. Nf3 Nf5 29. Ng5 Qxh5 30. Qxh5 Rxh5 31. Nxe6 Rh6 32. Nf4 Rd6 33. Re8+ Kf7 34.
Re5 Nxd4 35. Nxd5 Re6 36. Rxe6 Kxe6 37. Nf4+ Kf5 38. Nh5 Kg6 39. g4 Ne6 40. f4
Kf7 41. f5 Nd4 42. Kf2 g6 43. fxg6+ hxg6 44. Nf4 a5 45. Ne2 Nxe2 46. Kxe2 Ke6
47. Kf3 Ke5 48. a4 g5 49. Ke3 Kd5 50. Kd3 Ke5 51. Kc4 Kf4 52. Kb5 Kxg4 53. Kxb6
Kh3 54. Kxa5 g4 55. b4 g3 56. b5 g2 57. b6 g1=Q 58. Ka6 Qf1+ 59. Ka5 Qf5+ 60.
Kb4 Qe4+ 61. Kb5 Qd5+ 62. Kb4 Qd4+ 63. Ka5 Qd5+ 64. Ka6 Qa8+ 65. Kb5 Qd5+ 66.
Kb4 Qc6 67. Ka5 Kg4 68. Ka6 Qa8+ 69. Kb5 Qd5+ 70. Kb4 Qd4+ 71. Ka5 Qd5+ 72. Kb4
Qd4+ 73. Ka5 Qd5+ 74. Kb4 Qd4+ 75. Kb5 Qd5+ 76. Ka6 Qa8+ 77. Kb5 Qd5+ 78. Kb4
Qd4+ 79. Kb5 Qd5+ 80. Ka6 Qa8+ 81. Kb5 Qd5+ 82. Kb4 Qb7 83. a5 Qa6 84. Kc5 Qxa5+
85. Kc6 Qa6 86. Kc7 Qa5 87. Kc6 Kf5 88. b7 Qa6+ 89. Kc7 Qa7 90. Kc6 Ke6 91. Kc7
Qa5+ 92. Kc8 Qa6 93. Kb8 Kd6 94. Kc8 Kc6 {White resigns} 0-1

[Event "Team 45 45 League T47"]
[Site "Internet Chess Club"]
[Date "2010.11.11"]
[Round "2"]
[White "chips"]
[Black "malihini"]
[Result "1/2-1/2"]
[WhiteElo "1222"]
[BlackElo "1250"]
[Opening "Réti: King's Indian attack (Barcza system)"]
[ECO "A07"]
[Time "17:02:17"]
[TimeControl "2700+45"]

1. Nf3 d5 2. g3 Nf6 3. Bg2 Bf5 4. O-O Nbd7 5. d3 h6 6. Nbd2 e6 7. Re1 Bd6 8. c4
c6 9. Nd4 Bg6 10. cxd5 cxd5 11. Nb5 Nb6 12. Nxd6+ Qxd6 13. Nf3 Rc8 14. Bf4 Qc5
15. Be3 Qc2 16. Bxb6 Qxd1 17. Rexd1 axb6 18. Nd4 O-O 19. Rdc1 Rc5 20. b4 Rcc8
21. Nb5 Rc6 22. Nd4 Rcc8 23. Nb5 Rc6 24. Nd4 Rcc8 {Game drawn by repetition}
1/2-1/2

[Event "Team 45 45 League T47"]
[Site "Internet Chess Club"]
[Date "2010.11.14"]
[Round "2"]
[White "LukeOZade"]
[Black "DARKwizard1"]
[Result "0-1"]
[WhiteElo "1806"]
[BlackElo "2125"]
[Opening "Scotch gambit: Dubois-Réti defense"]
[ECO "C55"]
[Time "12:01:39"]
[TimeControl "2700+45"]

1. e4 Nc6 2. Nf3 e5 3. d4 exd4 4. Bc4 Nf6 5. e5 d5 6. Bb5 Ne4 7. Nxd4 Bc5 8. O-O
Bd7 9. Bxc6 bxc6 10. f3 Ng5 11. f4 Ne4 12. Be3 O-O 13. Nd2 Bxd4 14. Bxd4 c5 15.
Nxe4 cxd4 16. Nc5 Bf5 17. Rf2 d3 18. Nxd3 c5 19. Nxc5 Qb6 20. Nb3 Rac8 21. c3
Rc4 22. Nd4 Be4 23. Qb3 Qc7 24. Nb5 Qc5 25. Nd6 Bd3 26. Nxc4 dxc4 27. Qd1 f6 28.
Qe1 Re8 29. e6 Bf5 30. Kh1 Rxe6 31. Re2 Rb6 32. Rd1 h6 33. Rd8+ Kf7 34. Red2 Re6
35. R2d7+ Kg6 36. Qg3+ Kh5 37. Qf3+ Bg4 38. Rd5+ f5 39. Qf1 Qe7 40. Rd1 Bxd1 41.
Rxd1 Kg6 42. h3 Re4 43. Qf3 Kh7 44. Rd2 Qc5 45. g4 Re1+ 46. Kg2 Qg1# {White
checkmated} 0-1

[Event "Team 45 45 League T47"]
[Site "Internet Chess Club"]
[Date "2010.11.14"]
[Round "2"]
[White "ferrari9182"]
[Black "chessateer"]
[Result "0-1"]
[WhiteElo "1992"]
[BlackElo "1862"]
[Opening "Petrov three knights game"]
[ECO "C42"]
[Time "10:03:23"]
[TimeControl "2700+45"]

1. e4 e5 2. Nf3 Nf6 3. Nc3 Bb4 4. Bc4 d6 5. d3 Bg4 6. h3 Be6 7. Qe2 Bxc4 8. dxc4
Bxc3+ 9. bxc3 Nbd7 10. O-O Nc5 11. Nd2 O-O 12. Ba3 Ne6 13. g3 Qd7 14. f4 Qa4 15.
Nb1 exf4 16. gxf4 Rfe8 17. Qd3 Rad8 18. Qf3 Qxc2 19. e5 dxe5 20. fxe5 Rd3 21.
Qg2 Qxg2+ 22. Kxg2 Ne4 23. Rf3 Red8 24. Be7 R8d7 25. Bh4 g5 26. Bg3 Rxf3 27.
Kxf3 Nxg3 28. Kxg3 Rd1 29. Kf3 Nf4 30. h4 h6 31. a4 Kg7 32. hxg5 hxg5 33. c5 Kg6
34. a5 a6 35. c6 bxc6 36. Ra4 Rxb1 37. Rc4 Rb5 38. Rxc6+ Ne6 39. Rxa6 Rxe5 40.
Ra8 Rc5 41. a6 Rxc3+ 42. Ke4 Ra3 43. a7 Kf6 44. Kd5 Ra6 45. Kc4 c6 46. Rc8 Rxa7
47. Rxc6 Rc7 {White resigns} 0-1

[Event "Team 45 45 League T47"]
[Site "Internet Chess Club"]
[Date "2010.11.12"]
[Round "2"]
[White "OxidisedLizard"]
[Black "kidviper"]
[Result "0-1"]
[WhiteElo "1839"]
[BlackElo "2008"]
[Opening "Sicilian: Pelikan (Lasker/Sveshnikov) variation"]
[ECO "B33"]
[Time "10:00:58"]
[TimeControl "2700+45"]

1. e4 c5 2. Nf3 Nc6 3. d4 cxd4 4. Nxd4 Nf6 5. Nc3 e5 6. Ndb5 d6 7. Bg5 Be7 8.
Bxf6 gxf6 9. Nd5 O-O 10. Nbc7 Rb8 11. g4 Nd4 12. Bd3 Ne6 13. Nxe6 fxe6 14. Nxe7+
Qxe7 15. Qf3 b6 16. O-O-O Bb7 17. h4 Rbc8 18. Rdg1 Rf7 19. g5 f5 20. g6 Rg7 21.
h5 fxe4 22. Bxe4 d5 23. gxh7+ Kh8 24. Bg6 Rf8 25. Qe2 Qf6 26. Re1 e4 27. f3 Qf4+
28. Kd1 exf3 29. Qxe6 f2 30. Ref1 d4 31. Qh3 Bf3+ {White resigns} 0-1

[Event "Team 45 45 League T47"]
[Site "Internet Chess Club"]
[Date "2010.11.11"]
[Round "2"]
[White "Xanther"]
[Black "parrot9"]
[Result "0-1"]
[WhiteElo "1488"]
[BlackElo "1650"]
[Opening "Sicilian: Alapin's variation (2.c3)"]
[ECO "B22"]
[Time "16:17:44"]
[TimeControl "2700+45"]

1. e4 c5 2. c3 Nf6 3. e5 Nd5 4. d4 e6 5. Bc4 Nc6 6. Bxd5 exd5 7. Nf3 d6 8. Bf4
dxe5 9. Nxe5 Nxe5 10. Bxe5 Qg5 11. Qd2 Qxg2 12. Rf1 Bh3 13. Qe2 Qxf1+ 14. Qxf1
Bxf1 15. Kxf1 {White resigns} 0-1

[Event "Team 45 45 League T47"]
[Site "Internet Chess Club"]
[Date "2010.11.19"]
[Round "2"]
[White "KoalieAwe"]
[Black "JeeniousChess"]
[Result "0-1"]
[WhiteElo "1633"]
[BlackElo "1689"]
[Opening "QGD Slav accepted"]
[ECO "D15"]
[Time "22:20:08"]
[TimeControl "2700+45"]

1. d4 d5 2. Nf3 Nf6 3. c4 c6 4. Nc3 dxc4 5. Bg5 Nbd7 6. e3 b5 7. Be2 Nd5 8. O-O
Qc7 9. Rc1 e6 10. Rb1 Nxc3 11. bxc3 Bd6 12. h3 h6 13. Bh4 g5 14. Bg3 Bxg3 15.
fxg3 Qxg3 16. Nh2 Qxe3+ 17. Kh1 O-O 18. Bf3 Bb7 19. a4 a6 20. Qc2 Qd3 21. Qxd3
cxd3 22. Rfd1 Rfe8 23. Rxd3 e5 24. Be4 exd4 25. Rxd4 Nc5 26. Bf3 Nxa4 27. Rd3
Rad8 {White resigns} 0-1

[Event "Team 45 45 League T47"]
[Site "Internet Chess Club"]
[Date "2010.11.14"]
[Round "2"]
[White "hcube"]
[Black "werty"]
[Result "1/2-1/2"]
[WhiteElo "1599"]
[BlackElo "1568"]
[Opening "Dutch with c4 & Nc3"]
[ECO "A85"]
[Time "09:33:55"]
[TimeControl "2700+45"]

1. d4 f5 2. c4 Nf6 3. Nc3 e6 4. Bf4 d5 5. e3 c6 6. Nf3 g6 7. Bd3 Bg7 8. Rc1 O-O
9. O-O Re8 10. Qb3 Nbd7 11. c5 Ne4 12. Bxe4 fxe4 13. Ne5 Nxe5 14. dxe5 g5 15.
Bg3 h5 16. h3 Qc7 17. Ne2 Bxe5 18. Bxe5 Qxe5 19. Nd4 g4 20. Kh1 Qf6 21. Qc2 e5
22. Ne2 gxh3 23. gxh3 Bxh3 24. Rg1+ Bg4 25. Rg2 Qf3 26. Nc3 Kh8 {Game drawn by
mutual agreement} 1/2-1/2

[Event "Team 45 45 League T47"]
[Site "Internet Chess Club"]
[Date "2010.11.12"]
[Round "2"]
[White "SlimeDog2"]
[Black "chiiwen"]
[Result "1/2-1/2"]
[WhiteElo "2133"]
[BlackElo "2188"]
[Opening "QGD Slav: 4.e3"]
[ECO "D11"]
[Time "21:00:08"]
[TimeControl "2700+45"]

1. d4 d5 2. Nf3 Nf6 3. c4 c6 4. e3 a6 5. b3 Bg4 6. Be2 Nbd7 7. Bb2 e6 8. O-O Bd6
9. Nbd2 O-O 10. h3 Bh5 11. Ne5 Bxe2 12. Qxe2 Qc7 13. Nxd7 Qxd7 14. e4 dxe4 15.
Nxe4 Nxe4 16. Qxe4 Be7 17. Rad1 Bf6 18. Rd3 Rad8 19. Rfd1 Qc7 20. Bc1 Rd7 21.
Bf4 Qa5 22. R1d2 Rfd8 23. a4 g6 24. g4 Bg7 25. Rd1 Bf6 26. Bd2 Qc7 27. Bf4 Qa5
28. Bd2 Qc7 {Game drawn by mutual agreement} 1/2-1/2